[Event "Late-Titled-Tuesday-Blitz-January-30-2024"]
[Site "Chess.com"]
[Date "2024.01.30"]
[Round "10"]
[White "h4parah5"]
[Black "BogdanDeac"]
[Result "1/2-1/2"]
[WhiteElo "2921"]
[BlackElo "3049"]
[TimeControl "180+1"]
[EndTime "15:57:21 PST"]
[Termination "Game drawn by stalemate"]

1. Nf3 d5 2. e3 Nf6 3. c4 dxc4 4. Bxc4 e6 5. d4 a6 6. O-O c5 7. dxc5 Bxc5 8. Qxd8+ Kxd8 9. Be2 Ke7 10. Nbd2 Bd7 11. Nb3 Bd6 12. Na5 Ra7 13. Bd2 Ne4 14. Be1 Bb5 15. Bxb5 axb5 16. Nd4 b4 17. Nc4 Bc5 18. Nb3 b6 19. Kh1 Nd7 20. Nxc5 bxc5 21. a3 bxa3 22. bxa3 Rha8 23. Rd1 Ra4 24. Rc1 f6 25. f3 Nd6 26.
Nxd6 Kxd6 27. Bg3+ e5 28. Rfd1+ Ke6 29. e4 Rxa3 30.
Bf2 Rc8 31. Rd5 c4 32. Rcd1 Rc7 33. Rd6+ Ke7 34. h4 Ra2 35. Be3 c3 36. R6d3 Rc2 37. Ra1 Rb2 38. Rc1 c2 39. Kg1 Rb1 40. Kf2 Rxc1 41. Bxc1 Nc5 42. Ra3 Ne6 43. Ke2 Nd4+ 44. Kd2 Rd7 45. Rd3 Nb3+ 46. Kxc2 Rxd3 47. Ba3+ Kf7 48.
Kxd3 Nd4 49. Bb2 Ne6 50. g3 h5 51. Ke3 Ke7 52. f4 Kd6 53. fxe5+ fxe5 54. Bc3 Nc5 55. Bb4 Kc6 56. Bc3 Nd7 57. Kd3 Kc5 58. Bb2 Kb4 59. Bc1 Nc5+ 60. Ke3 Kc3 61. Bd2+ Kc4 62. Ba5 Ne6 63. Bb6 Nc5 64. Bc7 Nd7 65. Bd6 g6 66. Bc7 Kc3 67. Bd6 Kc2 68. Bc7 Kd1 69. Ba5 Kc2 70. Bc7 Kc3 71. Bd6 Kc4 72. Bc7 Kb5 73. Bd6 Kc6 74. Be7 Nc5 75. Bf6 Kd6 76.
Bg7 Nd7 77. Bh6 Nb8 78. Kf3 Nc6 79. g4 Kc5 80. gxh5 gxh5 81. Ke3 Kc4 82. Bg7 Kc3 83. Bf6 Kc2 84. Bg7 Kc3 85. Bf6 Kc2 86. Bg7 Kd1 87. Kd3 Ke1 88. Kc4 Kf2 89. Kd5 Nb4+ 90.
Kxe5 Kf3 91. Kf5 Nc6 92. e5 Nd4+ 93. Kg6 Kg4 94. Bf6 Ne6 95. Kf7 Kf5 96. Ke7 Nf4 97. Kf7 Ne6 98. Ke7 Nf4 99. Kf8 Ng6+ 100. Kf7 Nxe5+ 101. Bxe5 Kxe5 102. Kg6 Ke6 103. Kxh5 Kf7 104. Kg5 Kg8 105. h5 Kh8 106. h6 Kg8 107. Kg6 Kh8 108. h7 1/2-1/2

[Event "Late-Titled-Tuesday-Blitz-January-30-2024"]
[Site "Chess.com"]
[Date "2024.01.30"]
[Round "10"]
[White "nindjaxx8"]
[Black "Hui_Li_Macau"]
[Result "1/2-1/2"]
[WhiteElo "2577"]
[BlackElo "2371"]
[TimeControl "180+1"]
[EndTime "15:58:04 PST"]
[Termination "Game drawn - insufficient material"]

1. d4 d5 2. c4 e6 3. Nc3 Nf6 4. cxd5 exd5 5. Bg5 c6 6. e3 Be7 7. Nf3 Bf5 8. Bd3 Bxd3 9. Qxd3 Nbd7 10. O-O O-O 11.
Rfe1 Re8 12. Rab1 a5 13. a3 Ne4 14. Bxe7 Qxe7 15. Qc2 h6 16. Nd2 f5 17. Ncxe4 fxe4 18. b4 axb4 19. axb4 Qd6 20. b5 c5 21. dxc5 Qxc5 22.
Qb2 Qa3 23. Qd4 Qc5 24. Nb3 Qxd4 25. Nxd4 Nc5 26. Rec1 b6 27. h3 Ra2 28. Rc2 Rea8 29. Rbb2 Ra1+ 30. Kh2 Rf8 31. Ra2 Ra8 32. Rxa1 Rxa1 33. Nf5 Kf7 34. Nd6+ Ke6 35. Nc8 Rb1 36.
Ra2 Rxb5 37. Ra7 Nd7 38. Rb7 Rc5 39. Nxb6 Nxb6 40. Rxb6+ Ke5 41. Rb7 Kf6 42. Kg3 Rc2 43. Rd7 Rd2 44. h4 g6 45. Rd6+ Kf5 46. h5 gxh5 47.
Rxh6 Kg5 48. Rd6 Kf5 49. Rd8 Kg5 50. f3 exf3 51. gxf3 h4+ 52. Kh3 Rd3 53. Rg8+ Kf6 54. Kxh4 Rxe3 55. Rf8+ Ke7 56. Rf4 Ke6 57. Kg3 Ke5 58.
Rf8 Ra3 59. Re8+ Kd6 60. Kg4 d4 61. f4 Kd7 62. Re1 d3 63. f5 d2 64. Rd1 Rd3 65. Kf4 Ke7 66. Ke4 Rd8 67. Ke5 Rd7 68. Ke4 Kf6 69. Kf4 Rd8 70. Ke3 Kxf5 71. Rxd2 Re8+ 72. Kd3 Ra8 73. Kc2 Ke4 74. Re2+ Kd4 75. Re7 Ra2+ 76. Kb3 Ra6 77. Rd7+ Kc5 78. Rh7 Rb6+ 79.
Kc3 Rg6 80. Rh5+ Kc6 81. Rh4 Rg5 82. Kb3 Rb5+ 83. Kc3 Rc5+ 84. Kd4 Rd5+ 85. Ke4 Rd1 86. Rh6+ Rd6 87. Rh8 Rd1 88. Rc8+ Kd7 89. Rc2 Re1+ 90. Kd5 Rd1+ 91. Kc5 Rh1 92. Rg2 Rh5+ 93. Kd4 Rh4+ 94.
Ke5 Rh5+ 95. Kf6 Rh6+ 96. Kg7 Re6 97. Rf2 Re1 98. Kf7 Kd6 99. Kf6 Kd7 100. Rd2+ Kc6 101. Rc2+ Kd5 102. Rc8 Kd6 103. Rd8+ Kc7 104. Rd2 Kc6 105.
Kf5 Kc5 106. Kf4 Kc4 107. Kf3 Kc3 108. Re2 Rxe2 109. Kxe2 1/2-1/2

[Event "Late-Titled-Tuesday-Blitz-January-30-2024"]
[Site "Chess.com"]
[Date "2024.01.30"]
[Round "11"]
[White "DenLaz"]
[Black "HansOnTwitch"]
[Result "1/2-1/2"]
[WhiteElo "3064"]
[BlackElo "3226"]
[TimeControl "180+1"]
[EndTime "16:00:32 PST"]
[Termination "Game drawn by agreement"]

1. d4 d5 2. c4 dxc4 3. Nf3 Nf6 4. e3 e6 5. Bxc4 c5 6. O-O a6 7. Nbd2 Nc6 8. dxc5 Bxc5 9. a3 b5 10. Be2 Bb7 11.
b4 Be7 12. Bb2 O-O 13. Rc1 Rc8 14. Nb3 Qxd1 15. Rfxd1 Rfd8 16. Rxd8+ Nxd8 17. Rxc8 Bxc8 18. Kf1 Nd5 19. Ke1 Kf8 20. Nfd2 Bf6 21. Bxf6 Nxf6 22. Nc5 Ke7 23. Bf3 Nd7 24. Ndb3 Ne5 25. Be2 Nb7 26. Nxb7 Bxb7 27. f3 Nd7 28. Kd2 Kd6 29. Kc3 Bd5 30. Nd2 Nb6 1/2-1/2

[Event "Late-Titled-Tuesday-Blitz-January-30-2024"]
[Site "Chess.com"]
[Date "2024.01.30"]
[Round "11"]
[White "manitodeplomo"]
[Black "Defend1r"]
[Result "1-0"]
[WhiteElo "2701"]
[BlackElo "2550"]
[TimeControl "180+1"]
[EndTime "16:01:00 PST"]
[Termination "manitodeplomo won by resignation"]

1. d4 Nf6 2. c4 e6 3. Nf3 d5 4. Nc3 Be7 5. Bg5 h6 6. Bxf6 Bxf6 7. Qc2 O-O 8. O-O-O b6 9. e4 dxe4 10. Qxe4 c6 11.
h4 Bb7 12. Bd3 g6 13. h5 Bg5+ 14. Nxg5 Qxg5+ 15. f4 Qf5 16. Qe3 Qg4 17. hxg6 fxg6 18. Rxh6 Rf6 19. Rdh1 Qxf4 20. Rh8+ 1-0

[Event "Late-Titled-Tuesday-Blitz-January-30-2024"]
[Site "Chess.com"]
[Date "2024.01.30"]
[Round "11"]
[White "LUISMIGUELOV"]
[Black "Flaccidmoves"]
[Result "0-1"]
[WhiteElo "2198"]
[BlackElo "2427"]
[TimeControl "180+1"]
[EndTime "16:01:47 PST"]
[Termination "Flaccidmoves won by resignation"]

1. c4 e5 2. Nc3 Nf6 3. g3 Bb4 4. Bg2 O-O 5. d3 c6 6. Bd2 d5 7. cxd5 cxd5 8. Nf3 Nc6 9. O-O d4 10. Nb5 Bxd2 11. Qxd2 a6 12. Na3 Be6 13. b3 Nd5 14.
Nc4 f6 15. Rfc1 Rc8 16. a3 b5 17. Na5 Qxa5 18. Rxc6 Qxd2 19. Rxc8 Qxe2 20. Rxf8+ Kxf8 21. a4 b4 22. Rc1 Nc3 23. Nh4 Qxd3 24. Bf1 Qd2 0-1

[Event "Late-Titled-Tuesday-Blitz-January-30-2024"]
[Site "Chess.com"]
[Date "2024.01.30"]
[Round "11"]
[White "AsaHoffmann"]
[Black "Lion-Al-Messi"]
[Result "0-1"]
[WhiteElo "2359"]
[BlackElo "2588"]
[TimeControl "180+1"]
[EndTime "16:02:09 PST"]
[Termination "Lion-Al-Messi won by resignation"]

1. d4 Nf6 2. Bg5 d5 3. Nd2 Bf5 4. f3 c5 5. c3 cxd4 6. cxd4 Nc6 7. Qa4 h6 8. Bh4 g5 9. Bf2 Bg7 10. e3 O-O 11. g4 Bg6 12. h4 e5 13. hxg5 hxg5 14. Nh3 exd4 15. exd4 Re8+ 16. Kd1 Rc8 17. Rc1 Nxd4 18. Bxd4 Rxc1+ 19. Kxc1 Re1+ 20. Qd1 Qc8+ 21. Bc4 Rxd1+ 22. Rxd1 dxc4 23. Nxg5 Nd5 24. Bxg7 Nb4 25. Nde4 Kxg7 26. a3 Nd3+ 27. Kc2 Nc5 28. Rd4 Nxe4 29. fxe4 Qc5 30. Nf3 b5 31. Kc3 a5 32. Rd5 Qe3+ 0-1

[Event "Late-Titled-Tuesday-Blitz-January-30-2024"]
[Site "Chess.com"]
[Date "2024.01.30"]
[Round "11"]
[White "blitis"]
[Black "Mikhail_Bryakin"]
[Result "1-0"]
[WhiteElo "2648"]
[BlackElo "2796"]
[TimeControl "180+1"]
[EndTime "16:02:11 PST"]
[Termination "blitis won by resignation"]

1. e4 Nf6 2. e5 Nd5 3. d4 d6 4. Nf3 dxe5 5. Nxe5 c6 6. c4 Nf6 7.
Nc3 Nbd7 8. f4 g6 9. Be2 Bg7 10. h4 h5 11. Be3 O-O 12. O-O Nxe5 13. fxe5 Ng4 14. Bf4 Bf5 15. Bxg4 Bxg4 16. Qd2 Qb6 17.
Kh1 Rad8 18. c5 Qa6 19. Ne4 Qc4 20. Rad1 Bxd1 21. Rxd1 Qxa2 22. Bg5 f6 23. exf6 exf6 24. Bf4 Qd5 25. Nd6 g5 26. hxg5 fxg5 27. Bxg5 Rd7 28. Re1 Qxd4 29. Qc2 Qf2 30. Re2 Qf1+ 31. Kh2 Qf5 32.
Nxf5 Rxf5 33. Qxf5 1-0

[Event "Late-Titled-Tuesday-Blitz-January-30-2024"]
[Site "Chess.com"]
[Date "2024.01.30"]
[Round "11"]
[White "jcibarra"]
[Black "jefferyx"]
[Result "1/2-1/2"]
[WhiteElo "2885"]
[BlackElo "3006"]
[TimeControl "180+1"]
[EndTime "16:02:22 PST"]
[Termination "Game drawn by repetition"]

1. e4 c5 2. Nf3 d6 3. c3 Nf6 4. h3 Nbd7 5. Bd3 e6 6. O-O Be7 7. Bc2 b5 8. d4 Bb7 9. Qe2 O-O 10. e5 Bxf3 11. Qxf3 dxe5 12. dxe5 Nxe5 13. Qe2 Qb8 14. Bf4 Bd6 15. Bg5 Nd5 16. a4 b4 17.
c4 Ne7 18. Bxe7 Bxe7 19. Be4 Bf6 20. Nd2 Ng6 21. Bxa8 Qxa8 22. Nb3 Nf4 23. Qg4 Nd3 24.
Qe2 Nf4 25. Qg4 Nd3 26. Qe2 Nf4 1/2-1/2

[Event "Late-Titled-Tuesday-Blitz-January-30-2024"]
[Site "Chess.com"]
[Date "2024.01.30"]
[Round "11"]
[White "akanga001"]
[Black "protectiago"]
[Result "0-1"]
[WhiteElo "1982"]
[BlackElo "2072"]
[TimeControl "180+1"]
[EndTime "16:02:46 PST"]
[Termination "protectiago won by resignation"]

1. d4 Nf6 2. c4 e6 3. Nf3 d5 4. Nc3 Be7 5. Bg5 b6 6. e3 Bb7 7. Qc2 Nbd7 8. b3 c5 9. Be2 Rc8 10. O-O cxd4 11. Nxd4 h6 12. Bh4 O-O 13. Rad1 Ne4 14. Nxe4 Bxh4 15. Nd6 Rb8 16. Nxb7 Rxb7 17. cxd5 exd5 18. Nf5 Bf6 19. Rxd5 Qe8 20. Nd6 Qe6 21. Bc4 Rc7 22. Rc5 Rxc5 23. Bxe6 Rxc2 24. Bxd7 Rd2 0-1

[Event "Late-Titled-Tuesday-Blitz-January-30-2024"]
[Site "Chess.com"]
[Date "2024.01.30"]
[Round "11"]
[White "kikoveiga"]
[Black "jinxy2009"]
[Result "1-0"]
[WhiteElo "2525"]
[BlackElo "2255"]
[TimeControl "180+1"]
[EndTime "16:02:52 PST"]
[Termination "kikoveiga won by resignation"]

1. e4 c5 2. Ne2 Nc6 3. g3 Nf6 4. Bg2 d5 5. exd5 Nxd5 6. O-O e5 7. Nbc3 Be6 8. d3 Be7 9. f4 Nxc3 10. Nxc3 exf4 11.
Bxf4 O-O 12. Qh5 Qd4+ 13. Kh1 Bf6 14. Rae1 g6 15. Qd1 Bg7 16. Ne4 c4 17. Ng5 Bf5 18. dxc4 Qxc4 19. c3 Qxa2 20. g4 Be6 21. Nxe6 fxe6 22.
Rxe6 Rad8 23. Qe2 Bxc3 24. bxc3 1-0

[Event "Late-Titled-Tuesday-Blitz-January-30-2024"]
[Site "Chess.com"]
[Date "2024.01.30"]
[Round "11"]
[White "annacramling"]
[Black "Burgsvik"]
[Result "0-1"]
[WhiteElo "2117"]
[BlackElo "2291"]
[TimeControl "180+1"]
[EndTime "16:02:57 PST"]
[Termination "Burgsvik won by resignation"]

1. d4 c5 2. d5 d6 3. c4 g6 4.
Nc3 Bg7 5. Qc2 Nf6 6. e4 Na6 7. a3 Nc7 8. f4 O-O 9. Nf3 a6 10. a4 Bd7 11. Bd3 b5 12. axb5 axb5 13. Rxa8 Qxa8 14.
cxb5 Rb8 15. O-O Nxb5 16. e5 Nxd5 17. Nxd5 Qxd5 18. Bc4 Nd4 19. Qc3 Nxf3+ 20. Rxf3 Qd4+ 21. Qxd4 cxd4 22. exd6 exd6 23. b3 Bg4 24. Rd3 Be2 25. Rd1 Bxd1 0-1

[Event "Late-Titled-Tuesday-Blitz-January-30-2024"]
[Site "Chess.com"]
[Date "2024.01.30"]
[Round "11"]
[White "Bkmzzzzz"]
[Black "Smile2005"]
[Result "0-1"]
[WhiteElo "2303"]
[BlackElo "2401"]
[TimeControl "180+1"]
[EndTime "16:02:58 PST"]
[Termination "Smile2005 won by resignation"]

1. e4 c5 2. Nf3 e6 3. d3 a6 4. g3 b5 5. Bg2 Bb7 6. O-O Nc6 7. Re1 Be7 8. Nbd2 Nf6 9. Nf1 O-O 10. h4 d5 11. e5 Nd7 12. h5 h6 13.
N1h2 Re8 14. Ng4 Bf8 15. Bf4 Kh7 16. Qe2 Qb6 17. Ne3 Rac8 18. g4 Be7 19. c3 b4 20. c4 Nd4 21. Nxd4 cxd4 22. Nc2 dxc4 23. Bxb7 Qxb7 24. dxc4 Bc5 25. Nxd4 Bxd4 26. Qd3+ Kg8 27. Qxd4 Nc5 28. Red1 Qf3 29. Bg3 Red8 30. Qf4 Rxd1+ 0-1

[Event "Late-Titled-Tuesday-Blitz-January-30-2024"]
[Site "Chess.com"]
[Date "2024.01.30"]
[Round "11"]
[White "ArtemDyachuk"]
[Black "rhungaski"]
[Result "1-0"]
[WhiteElo "2629"]
[BlackElo "2492"]
[TimeControl "180+1"]
[EndTime "16:03:14 PST"]
[Termination "ArtemDyachuk won by resignation"]

1. d4 g6 2. e4 Bg7 3. Nc3 d6 4. Nf3 a6 5. Be3 Nd7 6. Qd2 b5 7.
a4 c6 8. axb5 cxb5 9. Bxb5 Bb7 10.
Bc4 Nb6 11. Bb3 Qc7 12. e5 Nc4 13. Bxc4 Qxc4 14. exd6 Bxf3 15. d7+ Kxd7 16. gxf3 Nf6 17. Na4 Nd5 18. Nc5+ Kc6 19. Ra4 Nxe3 20. Rxc4 Nxc4 21. Qc3 Kd5 22. O-O Bxd4 23. Rd1 e5 24. Ne4 Rac8 25. b3 Ne3 26. fxe3 Rxc3 27. Nxc3+ Kc5 28. exd4+ exd4 29. Ne4+ 1-0

[Event "Late-Titled-Tuesday-Blitz-January-30-2024"]
[Site "Chess.com"]
[Date "2024.01.30"]
[Round "11"]
[White "Herman-NY"]
[Black "aghasiyevkamal"]
[Result "0-1"]
[WhiteElo "2497"]
[BlackElo "2678"]
[TimeControl "180+1"]
[EndTime "16:03:16 PST"]
[Termination "aghasiyevkamal won on time"]

1. e4 e5 2. Nf3 Nc6 3. Bb5 a6 4. Ba4 Nf6 5. O-O b5 6. Bb3 Bc5 7. d3 d6 8. c3 h6 9. a4 Rb8 10. axb5 axb5 11. Be3 O-O 12. d4 Bb6 13. h3 Bb7 14.
Nbd2 exd4 15. cxd4 Nb4 16. Qb1 c5 17. d5 c4 18. Bxb6 Qxb6 19. Bc2 Rfe8 20. Ra3 Ra8 21. Re3 Ra1 22. Qxa1 Nxc2 0-1

[Event "Late-Titled-Tuesday-Blitz-January-30-2024"]
[Site "Chess.com"]
[Date "2024.01.30"]
[Round "11"]
[White "BardArtem"]
[Black "GasconJR"]
[Result "0-1"]
[WhiteElo "2752"]
[BlackElo "2619"]
[TimeControl "180+1"]
[EndTime "16:03:17 PST"]
[Termination "GasconJR won by resignation"]

1. e4 c5 2. c3 Nf6 3. e5 Nd5 4.
Nf3 Nc6 5. Bc4 Nb6 6. Bb3 d5 7. exd6 Qxd6 8. O-O c4 9. Bc2 Bg4 10. h3 Bh5 11. b3 e6 12. Na3 Qd5 13. Re1 Bxf3 14.
Qxf3 Qxf3 15. gxf3 Bxa3 16. Bxa3 O-O-O 17. Rad1 Rd7 18. d4 cxd3 19. Rxd3 Rhd8 20. Red1 Rxd3 21. Rxd3 Rxd3 22. Bxd3 Ne5 23. Be2 Nd5 24. Bd6 Nxc3 25. Bxe5 Nxe2+ 26. Kf1 Nc1 27. Bxg7 Nxa2 28. Ke2 Nc1+ 29. Ke3 Nxb3 30. Kf4 Kd7 31. Kg5 Ke7 32. Kh6 f6 33. Kxh7 Kf7 34. h4 Nd4 35. h5 Nf5 36. Bh6 Nxh6 37. Kxh6 a5 38. Kh7 a4 39. h6 a3 40. Kh8 a2 41.
h7 a1=B 0-1

[Event "Late-Titled-Tuesday-Blitz-January-30-2024"]
[Site "Chess.com"]
[Date "2024.01.30"]
[Round "11"]
[White "GothamChess"]
[Black "masnyszachistaaa"]
[Result "1-0"]
[WhiteElo "2728"]
[BlackElo "2552"]
[TimeControl "180+1"]
[EndTime "16:03:20 PST"]
[Termination "GothamChess won on time"]

1. e4 c5 2. a3 d5 3. exd5 Qxd5 4. Nf3 Nc6 5. Nc3 Qd6 6. Bc4 e6 7. O-O Nf6 8. Re1 Be7 9. d3 O-O 10. Bg5 b6 11. Qd2 Bb7 12. Rad1 a6 13. Ne4 Nxe4 14. Rxe4 Bxg5 15. Nxg5 b5 16. Ba2 Rae8 17. Rde1 Nd8 18. Rg4 Bd5 19. c4 Bb7 20. Qe3 h6 21. Ne4 Bxe4 22.
dxe4 e5 23. cxb5 axb5 24. Bd5 Ne6 25. Qxh6 Qe7 26. Re3 g6 27. Rh3 1-0

[Event "Late-Titled-Tuesday-Blitz-January-30-2024"]
[Site "Chess.com"]
[Date "2024.01.30"]
[Round "11"]
[White "LittleChessFan"]
[Black "Alex_Banzea"]
[Result "1-0"]
[WhiteElo "2346"]
[BlackElo "2624"]
[TimeControl "180+1"]
[EndTime "16:03:23 PST"]
[Termination "LittleChessFan won by resignation"]

1. d4 Nf6 2. c4 g6 3. g3 Bg7 4. Bg2 d6 5. Nc3 O-O 6. Nf3 Nc6 7. O-O e5 8. d5 Nb8 9. c5 Na6 10. cxd6 cxd6 11. a4 Nc5 12. Nd2 a5 13. Nc4 Ne8 14. f4 Bd7 15. fxe5 dxe5 16. Be3 Rc8 17. d6 e4 18. Nd5 f5 19. Ne7+ Kh8 20. Nxc8 Qxc8 21. Rc1 Bxa4 22. Nb6 1-0

[Event "Late-Titled-Tuesday-Blitz-January-30-2024"]
[Site "Chess.com"]
[Date "2024.01.30"]
[Round "11"]
[White "HajiyevKanan"]
[Black "ACollins05"]
[Result "1-0"]
[WhiteElo "2568"]
[BlackElo "2461"]
[TimeControl "180+1"]
[EndTime "16:03:27 PST"]
[Termination "HajiyevKanan won by resignation"]

1. d4 b5 2. Nf3 Bb7 3. g3 Nf6 4. Bg2 e6 5. Nh4 Bxg2 6. Nxg2 Be7 7. O-O O-O 8. a4 b4 9. c4 bxc3 10. bxc3 d5 11. Ba3 Nbd7 12. Qc1 c5 13. Nd2 Rc8 14. Qb2 Nb6 15. a5 Nbd7 16. Qb7 Rc7 17. Qb5 Ne8 18. Rfb1 Nd6 19. Qa4 cxd4 20. cxd4 Nc4 21. Bxe7 Qxe7 22. Qd1 Rfc8 23. Nxc4 dxc4 24. Ne3 Nf6 25. a6 Nd5 26. Nxd5 exd5 27. e3 Qe6 28. Rb7 c3 29. Qc2 Qe4 30. Qxe4 dxe4 31. Rc1 g6 32. Rb5 Rc6 33. Rb3 f5 34. Kg2 Kf7 35. Rb7+ R6c7 36. g4 Ke6 37. gxf5+ gxf5 38. Rb5 Rc6 39. d5+ Kd6 40. dxc6 Rxc6 1-0

[Event "Late-Titled-Tuesday-Blitz-January-30-2024"]
[Site "Chess.com"]
[Date "2024.01.30"]
[Round "11"]
[White "DefiantChair"]
[Black "english_player_89"]
[Result "0-1"]
[WhiteElo "2592"]
[BlackElo "2450"]
[TimeControl "180+1"]
[EndTime "16:03:30 PST"]
[Termination "english_player_89 won by resignation"]

1. e4 e5 2. Nf3 Nc6 3. Bb5 a6 4. Ba4 Nf6 5. O-O Be7 6. Re1 b5 7. Bb3 d6 8. c3 O-O 9. h3 Nb8 10. d4 Nbd7 11. Nbd2 Bb7 12. Bc2 Re8 13. Nf1 Bf8 14.
Ng3 g6 15. Bg5 Bg7 16. Qc1 c6 17. b3 Qc7 18. h4 Nf8 19. h5 Ne6 20. Be3 Ng4 21.
a4 Nxe3 22. Qxe3 c5 23. d5 Nf4 24. a5 Bc8 25. Nh2 Bh6 26. Qf3 Qe7 27. Ng4 Bg7 28.
Ne3 Qh4 29. c4 b4 30. Reb1 Bd7 31. Kf1 gxh5 32. Nef5 Bxf5 33. exf5 e4 34. Bxe4 Bxa1 35. Rxa1 Re5 36. Ke1 Rae8 37. Kd1 Rxe4 38. Nxe4 Qh1+ 39.
Kc2 Qxa1 40. Nf6+ Qxf6 0-1

[Event "Late-Titled-Tuesday-Blitz-January-30-2024"]
[Site "Chess.com"]
[Date "2024.01.30"]
[Round "11"]
[White "ural58"]
[Black "Sanyura"]
[Result "0-1"]
[WhiteElo "2491"]
[BlackElo "2671"]
[TimeControl "180+1"]
[EndTime "16:03:40 PST"]
[Termination "Sanyura won by resignation"]

1. e4 c5 2. b3 Nc6 3. Bb2 d6 4.
f4 Nf6 5. Qf3 g6 6. Bb5 Bg7 7.
e5 dxe5 8. Bxc6+ bxc6 9. Bxe5 O-O 10. Nc3 Bg4 11. Qf2 Bf5 12. O-O-O Qa5 13. Nge2 c4 14. Kb2 Ng4 15. Qd4 cxb3 16. Bxg7 Rfd8 17. Qa4 Qxa4 18. Nxa4 bxc2 19. Bc3 Rab8+ 20. Ka3 cxd1=Q 21. Rxd1 Bc2 22. Rc1 Bxa4 23. Kxa4 c5 24. Rc2 Nf2 25. Nc1 Ne4 26. Nb3 c4 27. Nd4 Rd6 28. g3 Ra6+ 0-1

[Event "Late-Titled-Tuesday-Blitz-January-30-2024"]
[Site "Chess.com"]
[Date "2024.01.30"]
[Round "11"]
[White "Noki102"]
[Black "jcmesafischer"]
[Result "1-0"]
[WhiteElo "2532"]
[BlackElo "2365"]
[TimeControl "180+1"]
[EndTime "16:03:54 PST"]
[Termination "Noki102 won by checkmate"]

1. d4 Nf6 2. Nf3 d5 3. Bf4 c6 4. e3 g6 5. Nbd2 Bg7 6. Bd3 Na6 7. c3 Nc7 8. h3 Ne6 9. Bh2 a5 10. a4 O-O 11. O-O h6 12. Re1 Ng5 13. Nxg5 hxg5 14. e4 dxe4 15. Nxe4 Nxe4 16. Bxe4 e6 17. Qb3 Bf6 18.
Be5 Bxe5 19. dxe5 Qc7 20. Rad1 Qxe5 21. Bxg6 Qc7 22. Bb1 b5 23. Qc2 f5 24. Ba2 Rf6 25. Qd2 bxa4 26. Qxg5+ Kf7 27. Rd4 Rg6 28. Qxf5+ Rf6 29. Qh5+ Ke7 30. Rg4 Qb6 31. Rg7+ Kd6 32. Qe5# 1-0

[Event "Late-Titled-Tuesday-Blitz-January-30-2024"]
[Site "Chess.com"]
[Date "2024.01.30"]
[Round "11"]
[White "Arlo2024"]
[Black "maurovargas01"]
[Result "1-0"]
[WhiteElo "2269"]
[BlackElo "1881"]
[TimeControl "180+1"]
[EndTime "16:04:01 PST"]
[Termination "Arlo2024 won by checkmate"]

1. e4 c6 2. d4 d5 3. exd5 cxd5 4. Bd3 Nc6 5. c3 Nf6 6. h3 e5 7. dxe5 Nxe5 8. Nf3 Nxd3+ 9. Qxd3 Be6 10. O-O Bd6 11.
Be3 O-O 12. Nbd2 Qd7 13. Bd4 Bf5 14. Qe3 h6 15. Bxf6 Rae8 16. Qd4 b6 17. Bxg7 Bc5 18. Qf6 Bg6 19. Bh8 Bd4 20. cxd4 Qe6 21. Qg7# 1-0

[Event "Late-Titled-Tuesday-Blitz-January-30-2024"]
[Site "Chess.com"]
[Date "2024.01.30"]
[Round "11"]
[White "reevecanada"]
[Black "TheMagician"]
[Result "0-1"]
[WhiteElo "2561"]
[BlackElo "2254"]
[TimeControl "180+1"]
[EndTime "16:04:11 PST"]
[Termination "TheMagician won by checkmate"]

1. e4 c5 2. Nf3 e6 3. b3 d5 4. exd5 Qxd5 5. Bb2 Nf6 6. Nc3 Qd8 7. Bb5+ Bd7 8.
Bxd7+ Qxd7 9. O-O Nc6 10. Re1 Be7 11. Ne4 Nxe4 12. Rxe4 O-O 13. Rg4 f6 14. d4 e5 15. Re4 Nxd4 16. Nxd4 cxd4 17. c3 Qc6 18. Qc2 Rac8 19. Rae1 b5 20. f4 dxc3 21. Bc1 Bc5+ 22. Kh1 Bd4 23. Be3 Rfd8 24. fxe5 Bxe5 25. Bc1 a6 26.
Rg4 Rd5 27. Bh6 Rc7 28. Rf1 Rf7 29. h4 f5 30. Rxf5 Qxh6 31. Rxf7 Kxf7 32. Qf5+ Qf6 33.
Qh5+ Ke7 34. g3 Rd1+ 35. Kh2 Qf2+ 36. Kh3 Rh1# 0-1

[Event "Late-Titled-Tuesday-Blitz-January-30-2024"]
[Site "Chess.com"]
[Date "2024.01.30"]
[Round "11"]
[White "GlavkonVVS"]
[Black "Meri-Arabidze"]
[Result "1-0"]
[WhiteElo "2597"]
[BlackElo "2711"]
[TimeControl "180+1"]
[EndTime "16:04:15 PST"]
[Termination "GlavkonVVS won on time"]

1. c4 e6 2. g3 Nf6 3. Bg2 d5 4. Nf3 Be7 5. O-O O-O 6. b3 c5 7.
Bb2 b6 8. e3 Bb7 9. cxd5 Nxd5 10. d4 Nf6 11. dxc5 Bxc5 12. Nc3 Nbd7 13. Qe2 Qe7 14. e4 Ba3 15. e5 Nd5 16. Nb5 Bxb2 17. Qxb2 Ba6 18. a4 Qb4 19. Nfd4 Bxb5 20. axb5 Nxe5 21.
Nxe6 fxe6 22. Qxe5 Rae8 23. Rxa7 Nf6 24. Bc6 Re7 25.
Rxe7 Qxe7 26. Re1 Kf7 27. Bf3 Rd8 28. Rc1 Rd7 29. Rc6 Rd3 30. Kg2 h6 31. Rxb6 Rxb3 32.
Rb7 Nd7 33. Qd4 1-0

[Event "Late-Titled-Tuesday-Blitz-January-30-2024"]
[Site "Chess.com"]
[Date "2024.01.30"]
[Round "11"]
[White "OneTrickPony_82"]
[Black "Cubitas"]
[Result "0-1"]
[WhiteElo "2520"]
[BlackElo "2716"]
[TimeControl "180+1"]
[EndTime "16:04:16 PST"]
[Termination "Cubitas won by checkmate"]

1. d4 Nf6 2. c4 g6 3. Nc3 Bg7 4.
e4 O-O 5. Nf3 d6 6. Be2 e5 7.
O-O Nc6 8. d5 Ne7 9. b4 Nh5 10.
Re1 a5 11. bxa5 Rxa5 12. a4 b6 13. Bd2 Ra8 14. g3 Bd7 15. a5 Rxa5 16. Rxa5 bxa5 17. c5 dxc5 18. Na4 Qe8 19. Nxc5 a4 20. Qc2 f5 21.
Ng5 f4 22. Nge6 Bxe6 23. Nxe6 Rf7 24. Nxc7 Qd7 25. Bb5 Qh3 26. d6 fxg3 27. fxg3 Rf2 28. Qc4+ Kh8 29. Kxf2 Qxh2+ 30. Ke3 Bh6+ 31. Kf3 Qxg3+ 32.
Ke2 Qg2+ 33. Kd1 Qxd2# 0-1

[Event "Late-Titled-Tuesday-Blitz-January-30-2024"]
[Site "Chess.com"]
[Date "2024.01.30"]
[Round "11"]
[White "sotochess"]
[Black "Atousa"]
[Result "0-1"]
[WhiteElo "2522"]
[BlackElo "2403"]
[TimeControl "180+1"]
[EndTime "16:04:16 PST"]
[Termination "Atousa won by resignation"]

1. e4 c5 2. Nf3 e6 3. c4 a6 4. Nc3 Nc6 5. g3 Qc7 6. Bg2 Nf6 7. O-O Be7 8. Re1 d6 9. d4 cxd4 10.
Nxd4 Bd7 11. Be3 O-O 12. Rc1 Ne5 13. b3 Rfd8 14. h3 Be8 15. Qd2 Nfd7 16. f4 Nc6 17.
Nd5 exd5 18. cxd5 Nc5 19. dxc6 bxc6 20. Rc2 Bf6 21. b4 Ne6 22. Nxc6 Bxc6 23. Rec1 Rac8 24. Rxc6 Qxc6 25. Rxc6 Rxc6 26. g4 Bc3 27. Qd5 Rdc8 28. a3 Bb2 29. f5 Bc1 30. Bf2 Nf4 31. Qa5 Nxg2 32. Kxg2 Bf4 33. Bd4 Rc2+ 34. Kf3 Be5 35.
Bxe5 dxe5 36. Qxe5 R8c3+ 37. Kf4 Rf2+ 0-1

[Event "Late-Titled-Tuesday-Blitz-January-30-2024"]
[Site "Chess.com"]
[Date "2024.01.30"]
[Round "11"]
[White "Viktor_Poddubnyi"]
[Black "DraningWaterHi"]
[Result "1-0"]
[WhiteElo "2327"]
[BlackElo "2130"]
[TimeControl "180+1"]
[EndTime "16:04:20 PST"]
[Termination "Viktor_Poddubnyi won by checkmate"]

1. e4 e5 2. f4 d5 3. exd5 exf4 4.
Nf3 Nf6 5. c4 c6 6. d4 cxd5 7.
Bxf4 dxc4 8. Bxc4 Bb4+ 9. Nc3 O-O 10. O-O Bg4 11. a3 Bd6 12. Bg5 h6 13. Bh4 g5 14.
Bg3 Bxg3 15. hxg3 Nbd7 16. Qd2 Qc7 17. Bb3 Qxg3 18. Ne5 Nxe5 19. dxe5 Qxe5 20. Rae1 Qc5+ 21. Kh1 Nh5 22. Qd3 Qc6 23. Nd5 Rae8 24. Ne7+ Rxe7 25. Rxe7 Nf4 26. Qc2 Qd6 27. Rxb7 Be6 28. Bxe6 Qxe6 29.
Rxa7 Qe3 30. Rc7 Rd8 31. Rc8 Rxc8 32. Qxc8+ Kg7 33. Qc3+ Qxc3 34. bxc3 Nd5 35. c4 Ne3 36. Rc1 f5 37. a4 f4 38. a5 Kg6 39. a6 Kh5 40. a7 Kh4 41. a8=Q h5 42. Qf3 g4 43.
Qxf4 Nxg2 44. Qh2+ Kg5 45. Qxg2 Kh4 46. c5 Kg5 47.
Qg3 h4 48. Qe5+ Kh6 49. Rd1 g3 50. Rd6+ Kh7 51. Qe7+ Kg8 52. Rd8# 1-0